AoeStats
← xSTR8xGASx

Pilgrims

509533748Analyzed
2v2 RM · 5d ago on Sep 27, 2026· 43m 45s· 4 players
Game mode
Random Map
Map size
Medium (4 player)
Population
200
Speed
Normal
Resources
Standard
Victory
Conquest
Starting age
Dark Age
Ending age
Imperial Age
RankedLock teamsTeams togetherTeam positionsShared explorationLock speedFull tech treeHidden civsTurbo modeCheats
Victory
Defeat
🇦🇷 Magyars · Argentina
874
+16
🇺🇸 Danes · United States
816
+18
🇺🇸 Dravidians · United States
868
-17
🇺🇸 Cumans · United States
862
-17
DisgruntledShark
3:39 Loom
11:27 Feudal Age
12:19 Double-Bit Axe
12:17 Fishing Lines
14:42 Gold Mining
17:15 Stone Mining
17:08 Horse Collar
19:30 Castle Age
17:55 Forging
17:46 Scale Mail Armor
17:46 Padded Archer Armor
17:56 Fletching
20:34 Bodkin Arrow
20:54 Leather Archer Armor
22:47 Iron Casting
22:27 Chain Mail Armor
22:18 Gillnets
24:20 Squires
25:19 Bow Saw
25:08 Arson
26:10 Clinker Construction
26:56 Careening
28:09 Wheelbarrow
30:14 Hand Cart
31:46 Ballistics
33:57 Imperial Age
32:34 Gold Shaft Mining
33:38 Masonry
33:23 Murder Holes
33:48 Heavy Plow
34:26 Stone Shaft Mining
35:50 Elite Jomsviking
35:52 Hamask
36:53 Conscription
36:46 Elite Longship
39:00 Hoardings
39:11 Ring Archer Armor
38:42 Bracer
41:04 Plate Mail Armor
41:35 Blast Furnace
40:36 Bracer
Mat1NT
12:40 Feudal Age
10:58 Loom
18:10 Castle Age
21:40 Light Cavalry
23:22 Husbandry
23:34 Bloodlines
25:28 Medium Warships
25:22 Double-Bit Axe
25:31 Gold Mining
27:36 Fletching
29:37 Scale Barding Armor
29:57 Corvinian Army
31:43 Ballistics
31:24 Bodkin Arrow
31:53 Bow Saw
32:20 Gold Shaft Mining
31:38 Stone Mining
32:55 Pikeman
33:38 Padded Archer Armor
37:02 Wheelbarrow
41:30 Imperial Age
40:02 Fishing Lines
41:12 Horse Collar
43:25 Chemistry
42:51 Conscription
42:43 Thumb Ring
44:27 Hand Cart
43:59 Town Watch
V1rus
5:54 Loom
14:23 Feudal Age
15:42 Double-Bit Axe
18:59 Horse Collar
21:59 Wheelbarrow
29:58 Castle Age
29:36 Forging
29:28 Scale Mail Armor
28:54 Man-at-Arms
31:40 Hand Cart
33:01 Capped Ram
33:16 Pikeman
34:59 Squires
36:52 Long Swordsman
40:03 Gold Mining
40:07 Stone Mining
42:03 Forging
42:00 Scale Barding Armor
41:56 Scale Mail Armor
xSTR8xGASx
10:08 Feudal Age
10:55 Double-Bit Axe
10:38 Man-at-Arms
11:25 Gold Mining
14:12 Fishing Lines
18:31 Castle Age
19:17 Horse Collar
19:46 Scale Mail Armor
19:08 Long Swordsman
23:15 Wheelbarrow
23:25 Forging
24:12 Chain Mail Armor
23:47 Gambesons
25:32 Fletching
27:38 Iron Casting
27:06 Squires
26:53 Arson
27:39 Bow Saw
29:32 Stone Mining
33:34 Imperial Age
34:41 Conscription
34:58 Plate Mail Armor
36:29 Hand Cart
36:28 Bodkin Arrow
36:35 Padded Archer Armor
37:38 Bracer
39:17 Wootz Steel
39:33 Leather Archer Armor
38:45 Elite Skirmisher
42:02 Ring Archer Armor
44:45 Blast Furnace
43:23 Two-Handed Swordsman
Connection lost

Rejoining the realm…

Still unreachable

The connection could not be restored.

Session expired

The server has moved on; the page needs a fresh start.